 Dungeon Crawl Stone Soup version 0.31.0-12-g77e489cdc1 (webtiles) character file.

Game seed: 9895499602812624547

7 spaghetti the Caller (level 2, 0/22 HPs)
             Began as a Naga Summoner on Feb 23, 2024.
             Slain by a jackal (2 damage)
             ... on level 1 of the Dungeon.
             The game lasted 00:00:27 (52 turns).

spaghetti the Caller (Naga Summoner)                  Turns: 52, Time: 00:00:27

Health: 0/22       AC:  1    Str: 10    XL:     2   Next: 0%
Magic:  0/5        EV:  9    Int: 15    God:
Gold:   0          SH:  0    Dex: 11    Spells: 4/5 levels left

rFire   . . .        (no weapon)
rCold   . . .        (no shield)
rNeg    . . .        a - +0 robe
rPois   +            (no helmet)
rElec   .            (no cloak)
rCorr   .            (no gloves)
SInv    +            (no barding)
Will    .....        (no amulet)
Stlth   ++           (no ring)
HPRegen 0.23/turn    (no ring)
MPRegen 0.09/turn

%: no passive effects
@: short of breath, very slow
A: AC +0, large, see invisible, deformed body, poison resistance, slowness 2,
spit poison 1, naga tail 1
a: Spit Poison


You were on level 1 of the Dungeon.
You visited 1 branch of the dungeon, and saw 1 of its levels.

Inventory:

Armour
 a - a +0 robe (worn)
Potions
 b - a potion of magic


   Skills:
 - Level 1.5 Dodging
 - Level 3.0 Stealth
 + Level 2.2 Spellcasting
 + Level 4.2 Summonings


You had 4 spell levels left.
You knew the following spells:

 Your Spells              Type           Power      Damage    Failure   Level
a - Summon Small Mammal   Summ           56%        N/A       3%          1

Your spell library contained the following spells:

 Spells                   Type           Power      Damage    Failure   Level
 Call Imp                 Summ           28%        N/A       6%          2
 Call Canine Familiar     Summ           14%        N/A       12%         3
 Summon Blazeheart Golem  Fire/Summ      8%         N/A       65%         4
 Summon Lightning Spire   Summ/Air       8%         N/A       65%         4


Dungeon Overview and Level Annotations

Branches:
Dungeon (1/15)

Altars:


Innate Abilities, Weirdness & Mutations

Your serpentine skin is tough. (AC +0)
You have supernaturally acute eyesight. (SInv)
Armour fits poorly on your strangely shaped body.
Your system is resistant to poisons. (rPois)
You cover ground very slowly.
You can spit poison.
You have a snake-like lower body.


Message History

The slug dart hits your bat.
Unknown command.
Aiming: Spit Poison (3% risk of failure)
Press: ? - help, Shift-Dir - straight line, f - jackal
Aim: a jackal (severely wounded, 43% to hit)
The splash of poison hits the jackal.
You kill the jackal!
Your bat closely misses the jackal.
Your bat hits the dart slug but does no damage.
The bat barely misses you.
Your bat hits the jackal but does no damage.
The bat barely misses you. The jackal closely misses your bat.
Your bat hits the jackal but does no damage.
Unknown command.
Unknown command.
You hit the bat but do no damage.
The bat is severely wounded.
The bat hits you.
* * * LOW HITPOINT WARNING * * *
Your bat hits the dart slug but does no damage.
Your bat hits the jackal but does no damage.
The bat barely misses you.
Your bat misses the bat.
Your bat hits the dart slug but does no damage.
The jackal barely misses your bat. The dart slug barely misses your bat.
The jackal closely misses your bat.
Unknown command.
Okay, then.
You hit the bat.
You kill the bat!
Your bat hits the dart slug.
Your bat hits the jackal but does no damage.
Your bat hits the jackal. The dart slug bites your bat.
Your bat dies!
Your bat's corpse disappears in a puff of smoke!
You have reached level 2!
Unknown command.
Casting: Summon Small Mammal (safe; 3% risk of failure)
Confirm with . or Enter, or press ? or * to list all spells.
Your bat hits the jackal. The jackal bites you.
You die...

. .# . #.# #. #.#.#
###. #.#.# ...##.#.#
#....#.# #..bw#.#####
#.#..lh#.#....
#...##@#.#.#..
....#.r......#.++++++
..#.##+#.#...#.+....+ .
.........##.+....+
......#..##.+.<..+
.......###..[+....+
.............++'+++###
...........#...........
.......###.#######.####


You could see a dart slug, a jackal (ally target), a frilled lizard (ally
target), a friendly bat (summoned) and a friendly rat (summoned).

Vanquished Creatures
  2 bats (D:1)
  A jackal (D:1)
  A kobold (D:1)
4 creatures vanquished.

Vanquished Creatures (collateral kills)
  A bat (D:1)
1 creature vanquished.

Grand Total: 5 creatures vanquished

Notes
Turn   | Place    | Note
-------+----------+-------------------------------------------
     0 | D:1      | spaghetti the Naga Summoner began the quest for the Orb.
     0 | D:1      | Reached XP level 1. HP: 15/15 MP: 3/3
    52 | D:1      | Reached XP level 2. HP: 2/22 MP: 1/5
    52 | D:1      | Slain by a jackal

Illustrated notes

Levels and vault maps discovered:
D:1:      lightli_arrival_maybe_door_vault, layout_basic,
          minmay_misc_feat_hallway, minmay_misc_feat_square

Action                     || total
---------------------------++-------
  Melee: Unarmed           ||    15
   Cast: Summon Small Mamm ||     5
Ability: Spit Poison       ||     2
 Armour: Robe              ||    25
  Dodge: Dodged            ||    21
